 Dungeon Crawl Stone Soup version 0.28.0-47-ge53b351184 (console) character file.

Game seed: 15038017492493601016

874 CuBeRJAN3 the Conjurer (level 7, -1/36 HPs)
             Began as a Deep Elf Conjurer on Apr 27, 2022.
             Slain by a killer bee (3 damage)
             ... on level 5 of the Dungeon.
             The game lasted 00:19:14 (5816 turns).

CuBeRJAN3 the Conjurer (Deep Elf Conjurer)          Turns: 5816, Time: 00:19:14

Health: -1/36      AC:  8    Str:  4    XL:     7   Next: 74%
Magic:  18/18      EV: 14    Int: 25    God:
Gold:   274        SH:  0    Dex: 13    Spells: 4/18 levels left

rFire   . . .      SeeInvis .   b - +0 dagger
rCold   . . .      Faith    .   (no shield)
rNeg    . . .      Spirit   .   u - +1 robe {Will+}
rPois   .          Reflect  .   (no helmet)
rElec   .          Harm     .   (no cloak)
rCorr   .          Rampage  .   l - +0 pair of gloves
Will    +....                   (no boots)
Stlth   +++.......              (no amulet)
HPRegen 0.12/turn               o - +4 ring of protection
MPRegen 0.16/turn               (no ring)

@: no status effects
A: no striking features
a: no special abilities


You were on level 5 of the Dungeon.
You visited 1 branch of the dungeon, and saw 6 of its levels.

You collected 274 gold pieces.

Inventory:

Hand Weapons
 b - a +0 dagger (weapon)
Armour
 l - a +0 pair of gloves (worn)
 u - a +1 robe of willpower (worn)
Jewellery
 a - a ring of ice
 o - a +4 ring of protection (left hand)
Wands
 p - a wand of paralysis (7)
 v - a wand of iceblast (11)
Scrolls
 e - 3 scrolls of teleportation {unknown}
 f - 3 scrolls of blinking
 h - 2 scrolls of vulnerability {unknown}
 m - a scroll of enchant armour {unknown}
 n - a scroll of brand weapon {unknown}
 q - 3 scrolls of identify {unknown}
 r - a scroll of torment {unknown}
Potions
 c - a potion of curing {unknown}
 d - a potion of degeneration {unknown}
 g - 3 potions of might {unknown}
 i - a potion of berserk rage {unknown}
 j - a potion of attraction {unknown}
 k - 3 potions of heal wounds {unknown}
 s - 2 potions of cancellation {unknown}
 t - a potion of haste {unknown}
 w - a potion of flight {unknown}
 x - a potion of lignification {unknown}


   Skills:
 + Level 5.7 Dodging
 + Level 6.2 Stealth
 + Level 6.4 Spellcasting
 + Level 6.5 Conjurations


You had 4 spell levels left.
You knew the following spells:

 Your Spells              Type           Power      Damage    Failure   Level
a - Magic Dart            Conj           100%       1d8       1%          1
b - Searing Ray           Conj           80%        2d7       1%          2
c - Dazzling Flash        Conj/Hex       48%        N/A       5%          3
d - Fulminant Prism       Conj/Hex       12%        3d9       19%         4
e - Iskenderun's Mystic   Conj/Tloc      24%        2d7       19%         4

Your spell library contained the following spells:

 Spells                   Type           Power      Damage    Failure   Level


Dungeon Overview and Level Annotations

Branches:
Dungeon (6/15)             Temple (0/1) D:5

Altars:
Ashenzari
Hepliaklqana
Wu Jian

Annotations:
D:4 Sigmund


Message History

(Press . to maintain the ray.)
You hear an angry buzzing noise.
The killer bee closely misses you.
A killer bee comes into view.
The killer bee misses you.
You climb upwards.
There is a stone staircase leading down here.
There is a stone staircase leading down here.
You start resting.
Magic restored.
You climb downwards.
The killer bee closely misses you. The killer bee barely misses you.
The killer bee closely misses you. The killer bee stings you!
The killer bee stings you. x2; The killer bee barely misses you.
There is a stone staircase leading up, spattered with blood here.
The killer bee stings you but does no damage.
The killer bee closely misses you. x2; The killer bee barely misses you.
The killer bee stings you.
You are poisoned.
The killer bee poisons you! The killer bee stings you.
You climb upwards.
You feel very sick.
There is a stone staircase leading down here.
You feel sick. The killer bee completely misses you. The killer bee misses you.
The killer bee barely misses you.
You feel sick. The killer bee barely misses you.
Blink to where?
Press: ? - help, Dir - move target
As you read the scroll of blinking, it crumbles to dust.
You feel sick.
You feel sick.
You feel sick.
You feel sick.
You are no longer poisoned.
The killer bee misses you. The killer bee barely misses you.
The killer bee completely misses you. The killer bee barely misses you. x2
The killer bee closely misses you. The killer bee stings you.
* * * LOW HITPOINT WARNING * * *
The killer bee closely misses you.
There is an escape hatch in the ceiling here.
The killer bee stings you but does no damage.
The killer bee stings you.
You die...

### ########## #.. #........# #..
#........# #.. #############
#........# #..
##.....#....@###........###.)
####...........yy#.........#....
#...............y............#..
##.#.......(..[.............###..
...#.............>...(......# #..
####................###########..
...#................# #......)...
>#..................# #..........
.....#...........#.(# #....[(....
.###.....#.###.>##..###..........
..######.#.####.......#..........


You could see 3 killer bees.

Vanquished Creatures
  A water moccasin (D:5)
  An ogre (D:5)
  2 bullfrogs
  A water moccasin zombie (D:6)
  2 killer bees
  A hound (D:4)
  An orc priest (D:4)
  4 iguanas
  Natasha (thrice) (D:4)
  An orc wizard (D:3)
  6 adders
  A white imp (D:5)
  An ufetubus (D:5)
  2 worms (D:3)
  A dart slug (D:1)
  9 orcs
  5 bats
  6 endoplasms
  2 giant cockroaches
  8 goblins
  6 hobgoblins
  6 jackals
  6 quokkas
  4 ball pythons
  3 frilled lizards (D:2)
  4 kobolds
  5 rats
92 creatures vanquished.

Notes
Turn   | Place    | Note
-------+----------+-------------------------------------------
     0 | D:1      | CuBeRJAN3 the Deep Elf Conjurer began the quest for the
                  | Orb.
     0 | D:1      | Reached XP level 1. HP: 10/10 MP: 6/6
   348 | D:1      | Reached XP level 2. HP: 15/15 MP: 4/8
   692 | D:1      | Found a faded altar of an unknown god.
  1046 | D:2      | Reached XP level 3. HP: 19/19 MP: 2/10
  1541 | D:2      | Reached XP level 4. HP: 24/24 MP: 9/11
  1956 | D:2      | Learned a level 2 spell: Searing Ray
  1960 | D:2      | Learned a level 3 spell: Dazzling Flash
  1990 | D:3      | Found a broken altar of Ashenzari.
  2260 | D:3      | Reached skill level 5 in Conjurations
  2966 | D:4      | Noticed a lemure
  3081 | D:4      | Noticed Natasha
  3087 | D:4      | Killed Natasha
  3088 | D:4      | Reached XP level 5. HP: 21/28 MP: 5/13
  3149 | D:3      | Learned a level 4 spell: Fulminant Prism
  3697 | D:4      | Found a hazy altar of Hepliaklqana.
  4003 | D:4      | Noticed an ogre
  4149 | D:4      | Noticed Sigmund
  4345 | D:4      | Noticed Natasha
  4349 | D:4      | Killed Natasha
  4350 | D:4      | Reached XP level 6. HP: 32/32 MP: 10/15
  4361 | D:4      | Noticed Natasha
  4365 | D:4      | Killed Natasha
  4366 | D:4      | Reached skill level 5 in Spellcasting
  4428 | D:4      | Learned a level 4 spell: Iskenderun's Mystic Blast
  4500 | D:5      | Entered Level 5 of the Dungeon
  4556 | D:5      | Reached skill level 5 in Stealth
  4598 | D:5      | Noticed a water moccasin
  4776 | D:5      | Reached XP level 7. HP: 36/36 MP: 13/17
  4836 | D:5      | Reached skill level 5 in Dodging
  4899 | D:5      | Found a staircase to the Ecumenical Temple.
  5085 | D:5      | Found an ornate altar of the Wu Jian Council.
  5813 | D:5      | HP: 1/36 [killer bee (3)]
  5816 | D:5      | Slain by a killer bee

Illustrated notes

Levels and vault maps discovered:
D:1:      dpeg_arrival_concentric_ovals, layout_basic,
          chequers_ecumenical_altar_twisty, minmay_misc_feat_square
D:2:      layout_basic, serial_glass, glass_columns_a, glass_columns_b,
          minmay_strange_pillars, item_on_display_a, item_on_display_a,
          item_on_display_a, minmay_between
D:3:      layout_rooms, mainiacjoe_overflow_catwalk, kennysheep_generic_room_14
D:4:      layout_basic, mainiacjoe_overflow_alcove_2, amcnicky_altar_gilded,
          marbit_many_paths, uniq_natasha, uniq_sigmund, uniq_pikel
D:5:      layout_rooms, nzn_wu_jian_council_hall,
          minmay_temple_entry_from_below_a
D:6:      layout_gridville, gammafunk_temple_overflow_statue,
          nicolae_specific_store, chequers_serial_rivers_small_b, uniq_grinder

Skill      XL: |  1  2  3  4  5  6  7 |
---------------+----------------------+-----
Stealth        | 3 4 5 6 |  6.2
Dodging        | 3 4 5 |  5.7
Spellcasting   | 4 5 6 |  6.4
Conjurations   | 5 6 |  6.5

Action                   |  1- 3 |  4- 6 |  7- 9 || total
-------------------------+-------+-------+-------++-------
Melee: Dagger            |       |     2 |       ||     2
 Cast: Magic Dart        |    68 |    32 |    17 ||   117
       Searing Ray       |       |    40 |    13 ||    53
       Dazzling Flash    |       |     1 |     3 ||     4
  Use: Scroll            |       |     1 |     1 ||     2
Armor: Robe              |     1 |     7 |    12 ||    20
Dodge: Dodged            |       |    31 |    40 ||    71
